Flyers vs Nordiques

Created - 20 octobre 2017 at 16:21

Goals
1 2 3 T
Flyers 1 0 2 3
Nordiques 0 1 0 1
Shots
1 2 3 T
Flyers 12 9 12 33
Nordiques 8 20 13 41

1st period

1. Flyers , Filip Forsberg 3 (Leon Draisaitl 3, P.K. Subban 3) at 12:12 (PP)

Penalties :
Shayne Gostisbehere (QUE) for Roughing (Minor) at 11:38

2nd period

2. Nordiques , Alexander Wennberg 1 (Jared Spurgeon 1, Kyle Turris 2) at 7:50

Penalties :
Jaromir Jagr (QUE) for Diving (Minor) at 15:07

3rd period

3. Flyers , Patrick Kane 4 (Evgeni Malkin 4, Justin Faulk 1) at 9:07
4. Flyers , Evgeni Malkin 2 (Patrick Kane 2, Leon Draisaitl 4) at 18:30 (Empty Net)

Penalties :
No Penalty

Goalie Stats

Matt Murray (PHI), 40 saves from 41 shots - (0,976), W, 3-2-0, 60:00 minutes
Roberto Luongo (QUE), 30 saves from 32 shots - (0,938), L, 3-3-0, 59:46 minutes

Players Stats for Flyers

Player Name              G  A  P  +/- PIM S  H  SB GA TA FO     MP     PP MP  PK MP  
------------------------------------------------------------------------------------
Artturi Lehkonen         0  0  0   0  0   1  0  0  0  0  0/0     6:59   0:00   0:00 
Brandon Carlo            0  0  0   0  0   1  2  1  0  1  0/0    20:35   1:09   0:00 
Brandon Montour          0  0  0   0  0   1  0  1  0  0  0/0    16:40   0:00   0:00 
Brendan Perlini          0  0  0   0  0   2  0  0  0  1  0/0     6:59   0:00   0:00 
Calle Jarnkrok           0  0  0  -1  0   1  2  0  0  0  0/1    15:17   0:00   0:00 
Casey Cizikas            0  0  0  -1  0   1  1  1  0  0  0/1    15:05   0:00   0:00 
Charlie Coyle            0  0  0   0  0   1  0  2  0  0  0/0    17:12   1:03   0:00 
Darnell Nurse            0  0  0   0  0   2  2  2  0  2  0/0    16:40   0:00   0:00 
Elias Lindholm           0  0  0  -1  0   3  3  0  0  0  8/17   15:05   0:00   0:00 
Evgeni Malkin            1  1  2   2  0   4  0  0  0  2  9/21   20:44   1:30   0:00 
Filip Forsberg           1  0  1   0  0   5  0  0  1  0  0/0    17:12   1:03   0:00 
Ivan Barbashev           0  0  0   0  0   0  0  0  0  0  0/1     6:47   0:00   0:00 
Justin Faulk             0  1  1   0  0   1  1  2  0  1  0/0    20:35   1:09   0:00 
Leon Draisaitl           0  2  2   2  0   0  1  1  0  0  1/2    20:44   1:30   0:00 
Michael Matheson         0  0  0   1  0   2  1  0  0  1  0/0    22:45   1:24   0:00 
P.K. Subban              0  1  1   1  0   0  0  3  0  2  0/0    22:45   1:24   0:00 
Patrick Kane             1  1  2   2  0   4  1  0  2  0  1/2    20:44   1:30   0:00 
Vincent Trocheck         0  0  0   0  0   4  1  0  1  0  9/24   17:12   1:03   0:00 

Players Stats for Nordiques

Player Name              G  A  P  +/- PIM S  H  SB GA TA FO     MP     PP MP  PK MP  
------------------------------------------------------------------------------------
Alexander Wennberg       1  0  1   1  0   3  1  0  1  1  0/0    16:19   0:00   0:00 
Connor Brown             0  0  0   0  0   1  5  1  1  0  0/0    18:11   0:00   1:31 
Derek MacKenzie          0  0  0  -1  0   0  1  0  0  0  0/0     8:19   0:00   1:02 
Evander Kane             0  0  0   1  0   6  2  0  0  0  1/2    16:19   0:00   0:00 
Jakub Vrana              0  0  0  -1  0   1  1  0  0  0  1/1     7:16   0:00   0:00 
Jamie Benn               0  0  0  -1  0   1  2  0  0  0  0/0    17:11   0:00   0:00 
Jared Spurgeon           0  1  1  -1  0   4  0  1  1  1  0/0    23:02   0:00   0:00 
Jaromir Jagr             0  0  0   0  2   4  0  1  1  0  0/0    16:40   0:00   0:00 
John-Michael Liles       0  0  0   0  0   0  0  2  0  0  0/0    15:58   0:00   1:54 
Kevin Klein              0  0  0   0  0   1  8  3  0  0  0/0    21:00   0:00   0:39 
Kyle Turris              0  1  1   1  0   3  0  0  2  0  9/12   16:19   0:00   0:00 
Luke Glendening          0  0  0  -1  0   2  0  0  0  0  4/6     8:19   0:00   1:02 
Morgan Rielly            0  0  0  -1  0   2  0  0  1  1  0/0    23:41   0:00   0:39 
Patrik Berglund          0  0  0   0  0   5  1  1  0  1  12/27  18:11   0:00   1:31 
Ryan O'Reilly            0  0  0  -1  0   2  0  0  1  0  14/20  17:11   0:00   0:00 
Sebastian Aho            0  0  0  -1  0   3  1  0  0  0  0/1    17:11   0:00   0:00 
Shayne Gostisbehere      0  0  0   0  2   3  0  0  1  0  0/0    20:20   0:00   0:00 
Tom Gilbert              0  0  0   0  0   0  2  1  1  0  0/0    15:58   0:00   1:54 

3 Stars

1 - Matt Murray (PHI)
2 - Patrick Kane (PHI)
3 - Evgeni Malkin (PHI)

Power Play

Flyers - 1 on 2 Attempt(s) - 50,00%
Nordiques - 0 on 0 Attempt(s) - 0,00%

Penalty Kill

Flyers - 0 on 0 Attempt(s) - 0,00% - Score 0 goal in Penalty Kill
Nordiques - 1 on 2 Attempt(s) - 50,00% - Score 0 goal in Penalty Kill

Team Stat

Flyers - Hits : 15 - Faceoff Wins : 28 - Blocked Shots : 13 - Penalty Minutes : 0
Nordiques - Hits : 24 - Faceoff Wins : 41 - Blocked Shots : 10 - Penalty Minutes : 4

Official

Referees : Tom Chmielewski and Eric Furlatt
Linesman : David Brisebois and Brian Murphy

Game Notes

Evgeni Malkin has scored in a empty net!

Finance

Level 1 -- Attendance: 5581 (93,02%) -- Ticket Income 446 480 $
Level 2 -- Attendance: 5000 (100,00%) -- Ticket Income 250 000 $
Level 3 -- Attendance: 1885 (94,25%) -- Ticket Income 47 125 $
Level 4 -- Attendance: 4000 (100,00%) -- Ticket Income 40 000 $
Luxury Box -- Attendance: 892 (89,20%) -- Ticket Income 142 720 $
Game was played at the Colisee.
Total Attendance: 17358 (96,43%)
Total Ticket Income: 926 325 $
Other Income: 453 899 $
Total Income: 1 380 224 $

Flyers

5 vs 5 Forward 
   Center                   Left Wing                Right Wing               Time % Phy DF OF 
 1 Evgeni Malkin            Patrick Kane             Leon Draisaitl           33     0   2  3  
 2 Vincent Trocheck         Filip Forsberg           Charlie Coyle            30     0   2  3  
 3 Elias Lindholm           Casey Cizikas            Calle Jarnkrok           27     0   3  2  
 4 Ivan Barbashev           Brendan Perlini          Artturi Lehkonen         10     0   3  2  

5 vs 5 Defense 
   Defense                  Defense                                           Time % Phy DF OF 
 1 P.K. Subban              Michael Matheson                                  37     0   4  1  
 2 Justin Faulk             Brandon Carlo                                     34     0   4  1  
 3 Brandon Montour          Darnell Nurse                                     29     0   4  1  
 4 P.K. Subban              Michael Matheson                                  0      1   2  2  

PowerPlay Forward 
   Center                   Left Wing                Right Wing               Time % Phy DF OF 
 1 Evgeni Malkin            Patrick Kane             Leon Draisaitl           60     0   0  5  
 2 Vincent Trocheck         Charlie Coyle            Filip Forsberg           40     0   0  5  

PowerPlay Defense
   Defense                  Defense                                           Time % Phy DF OF 
 1 P.K. Subban              Michael Matheson                                  60     0   1  4  
 2 Justin Faulk             Brandon Carlo                                     40     0   1  4  

Penalty Kill 4 Players Forward 
   Center                   Wing                     Time % Phy DF OF 
 1 Elias Lindholm           Casey Cizikas            60     0   5  0  
 2 Vincent Trocheck         Calle Jarnkrok           40     0   5  0  

Penalty Kill 4 Players Defense
   Defense                  Defense                  Time % Phy DF OF 
 1 Justin Faulk             Brandon Carlo            60     0   5  0  
 2 Darnell Nurse            Brandon Montour          40     0   5  0  

Penalty Kill - 3 Players Forward 
   Forward                                           Time % Phy DF OF 
 1 Casey Cizikas                                     60     0   5  0  
 2 Calle Jarnkrok                                    40     0   5  0  

Penalty Kill - 3 Players Defense
   Defense                  Defense                  Time % Phy DF OF 
 1 Justin Faulk             Brandon Carlo            60     0   5  0  
 2 P.K. Subban              Brandon Montour          40     0   5  0  

4 vs 4 Forward 
   Center                   Wing                     Time % Phy DF OF 
 1 Evgeni Malkin            Patrick Kane             60     0   3  2  
 2 Vincent Trocheck         Leon Draisaitl           40     0   3  2  

4 vs 4 Defense
   Defense                  Defense                  Time % Phy DF OF 
 1 P.K. Subban              Michael Matheson         60     0   4  1  
 2 Justin Faulk             Brandon Carlo            40     0   4  1  

Last Minutes Offensive
   Center                   Left Wing                Right Wing               Defense                  Defense                  
   Evgeni Malkin            Patrick Kane             Vincent Trocheck         P.K. Subban              Justin Faulk             

Last Minutes Defensive
   Center                   Left Wing                Right Wing               Defense                  Defense                  
   Elias Lindholm           Filip Forsberg           Vincent Trocheck         P.K. Subban              Brandon Carlo            

Goaltenders
Starting : Matt Murray              
Backup : Tristan Jarry            

Extra Forwards
Normal : Calle Jarnkrok, Brendan Perlini, Artturi Lehkonen - PP : Elias Lindholm, Brendan Perlini - PK : Artturi Lehkonen
Extra Defensemen
Normal : Michael Matheson, Darnell Nurse, Justin Faulk - PP : Michael Matheson - PK : Darnell Nurse, Justin Faulk
Penalty Shots
Evgeni Malkin, Patrick Kane, Vincent Trocheck, Leon Draisaitl, Filip Forsberg
Custom OT Lines Forwards
Evgeni Malkin, Patrick Kane, Vincent Trocheck, Leon Draisaitl, Filip Forsberg, Elias Lindholm, Calle Jarnkrok, Charlie Coyle, Brendan Perlini, Artturi Lehkonen
Custom OT Lines Defensemen
P.K. Subban, Michael Matheson, Justin Faulk, Brandon Carlo, Darnell Nurse

Scratches
Travis Konecny (Healthy), Borna Rendulic (Healthy), Cody Corbett (Healthy), Cole Schneider (Healthy), Daniel Catenacci (Healthy)
Danny Kristo (Healthy), TJ Brodie (Upper Body Injury)

Nordiques

5 vs 5 Forward 
   Center                   Left Wing                Right Wing               Time % Phy DF OF 
 1 Ryan O'Reilly            Jamie Benn               Sebastian Aho            30     0   3  2  
 2 Kyle Turris              Evander Kane             Alexander Wennberg       30     0   2  3  
 3 Patrik Berglund          Jaromir Jagr             Connor Brown             30     0   2  3  
 4 Luke Glendening          Derek MacKenzie          Jakub Vrana              10     1   2  2  

5 vs 5 Defense 
   Defense                  Defense                                           Time % Phy DF OF 
 1 Jared Spurgeon           Morgan Rielly                                     40     1   1  3  
 2 Shayne Gostisbehere      Kevin Klein                                       35     1   3  1  
 3 John-Michael Liles       Tom Gilbert                                       25     1   3  1  
 4 Jared Spurgeon           Morgan Rielly                                     0      1   2  2  

PowerPlay Forward 
   Center                   Left Wing                Right Wing               Time % Phy DF OF 
 1 Ryan O'Reilly            Jamie Benn               Sebastian Aho            60     1   1  3  
 2 Kyle Turris              Evander Kane             Alexander Wennberg       40     1   1  3  

PowerPlay Defense
   Defense                  Defense                                           Time % Phy DF OF 
 1 Jared Spurgeon           Shayne Gostisbehere                               60     1   1  3  
 2 John-Michael Liles       Tom Gilbert                                       40     1   1  3  

Penalty Kill 4 Players Forward 
   Center                   Wing                     Time % Phy DF OF 
 1 Patrik Berglund          Connor Brown             50     0   3  2  
 2 Luke Glendening          Derek MacKenzie          50     0   3  2  

Penalty Kill 4 Players Defense
   Defense                  Defense                  Time % Phy DF OF 
 1 John-Michael Liles       Tom Gilbert              60     1   3  1  
 2 Kevin Klein              Morgan Rielly            40     1   3  1  

Penalty Kill - 3 Players Forward 
   Forward                                           Time % Phy DF OF 
 1 Ryan O'Reilly                                     50     0   3  2  
 2 Luke Glendening                                   50     0   3  2  

Penalty Kill - 3 Players Defense
   Defense                  Defense                  Time % Phy DF OF 
 1 Jared Spurgeon           Morgan Rielly            60     1   3  1  
 2 Kevin Klein              Tom Gilbert              40     1   3  1  

4 vs 4 Forward 
   Center                   Wing                     Time % Phy DF OF 
 1 Ryan O'Reilly            Jamie Benn               60     0   2  3  
 2 Kyle Turris              Alexander Wennberg       40     0   3  2  

4 vs 4 Defense
   Defense                  Defense                  Time % Phy DF OF 
 1 Jared Spurgeon           Morgan Rielly            60     1   2  2  
 2 Shayne Gostisbehere      Kevin Klein              40     1   3  1  

Last Minutes Offensive
   Center                   Left Wing                Right Wing               Defense                  Defense                  
   Ryan O'Reilly            Jamie Benn               Sebastian Aho            Jared Spurgeon           Shayne Gostisbehere      

Last Minutes Defensive
   Center                   Left Wing                Right Wing               Defense                  Defense                  
   Ryan O'Reilly            Jamie Benn               Connor Brown             Jared Spurgeon           Morgan Rielly            

Goaltenders
Starting : Roberto Luongo           
Backup : Jonathan Bernier         

Extra Forwards
Normal : Kyle Turris, Alexander Wennberg, Evander Kane - PP : Jaromir Jagr, Patrik Berglund - PK : Ryan O'Reilly
Extra Defensemen
Normal : John-Michael Liles, Tom Gilbert, Kevin Klein - PP : Morgan Rielly - PK : Jared Spurgeon, Shayne Gostisbehere
Penalty Shots
Patrik Berglund, Kyle Turris, Sebastian Aho, Jamie Benn, Ryan O'Reilly
Custom OT Lines Forwards
Jamie Benn, Ryan O'Reilly, Kyle Turris, Alexander Wennberg, Patrik Berglund, Sebastian Aho, Evander Kane, Jaromir Jagr, Connor Brown, Luke Glendening
Custom OT Lines Defensemen
Jared Spurgeon, Morgan Rielly, Shayne Gostisbehere, Kevin Klein, John-Michael Liles

Scratches
Paul Carey (Healthy), Chris VandeVelde (Healthy), Korbinian Holzer (Healthy)

% Time on Ice - Flyers

Lines # - Real PCT - Wanted PCT - Time Play
Normal Forward
1 - 34% - 33% - 19:26
2 - 28% - 30% - 16:09
3 - 26% - 27% - 15:05
4 - 12% - 10% - 6:47
Normal Defense
1 - 37% - 37% - 21:21
2 - 34% - 34% - 19:26
3 - 29% - 29% - 16:40
4 - 0% - 0% - 0:00
PP Forward
1 - 59% - 60% - 1:30
2 - 41% - 40% - 1:03
PP Defense
1 - 55% - 60% - 1:24
2 - 45% - 40% - 1:09
PK Forward
1 - 0% - 60%
2 - 0% - 40%
PK Defense
1 - 0% - 60%
2 - 0% - 40%
PK3 Forward
1 - 0% - 60%
2 - 0% - 40%
PK3 Defense
1 - 0% - 60%
2 - 0% - 40%
44 Forward
1 - 0% - 60%
2 - 0% - 40%
44 Defense
1 - 0% - 60%
2 - 0% - 40%
Last Minute Offensive  - 0:00
Last Minute Defensive  - 0:00
Total
Forward - 60:00
Defense - 60:00

% Time on Ice - Nordiques

Lines # - Real PCT - Wanted PCT - Time Play
Normal Forward
1 - 30% - 30% - 17:22
2 - 28% - 30% - 16:09
3 - 29% - 30% - 16:40
4 - 13% - 10% - 7:16
Normal Defense
1 - 40% - 40% - 23:03
2 - 35% - 35% - 20:21
3 - 24% - 25% - 14:03
4 - 0% - 0% - 0:00
PP Forward
1 - 0% - 60%
2 - 0% - 40%
PP Defense
1 - 0% - 60%
2 - 0% - 40%
PK Forward
1 - 59% - 50% - 1:31
2 - 41% - 50% - 1:02
PK Defense
1 - 75% - 60% - 1:54
2 - 25% - 40% - 0:39
PK3 Forward
1 - 0% - 50%
2 - 0% - 50%
PK3 Defense
1 - 0% - 60%
2 - 0% - 40%
44 Forward
1 - 0% - 60%
2 - 0% - 40%
44 Defense
1 - 0% - 60%
2 - 0% - 40%
Last Minute Offensive  - 0:00
Last Minute Defensive  - 0:00
Total
Forward - 60:00
Defense - 60:00

Play by Play

1st period


0:01 of 1st period - Ryan O'Reilly wins face-off versus Evgeni Malkin in neutral zone.
0:08 of 1st period - Wrist shot by Ryan O'Reilly.
0:08 of 1st period - Shot Blocked by P.K. Subban.
0:40 of 1st period - Snap shot by Kyle Turris.
0:40 of 1st period - Shot Misses the Net.
0:50 of 1st period - Kevin Klein is hit by Elias Lindholm and loses puck.
1:12 of 1st period - Slapshot by Ivan Barbashev.
1:12 of 1st period - Deflect By Brendan Perlini.
1:12 of 1st period - Stopped by Roberto Luongo without a rebound.
1:13 of 1st period - Luke Glendening wins face-off versus Ivan Barbashev in Nordiques zone.
1:28 of 1st period - Wrist shot by Luke Glendening.
1:28 of 1st period - Stopped by Matt Murray with a rebound.
1:44 of 1st period - Slapshot by Artturi Lehkonen.
1:44 of 1st period - Stopped by Roberto Luongo without a rebound.
1:45 of 1st period - Patrik Berglund wins face-off versus Evgeni Malkin in Nordiques zone.
3:58 of 1st period - Slapshot by Vincent Trocheck.
3:58 of 1st period - Shot Misses the Net.
4:00 of 1st period - Slapshot by Filip Forsberg.
4:00 of 1st period - Stopped by Roberto Luongo with a rebound.
4:39 of 1st period - Slapshot by Patrik Berglund.
4:39 of 1st period - Shot Misses the Net.
4:41 of 1st period - Wrist shot by Connor Brown.
4:41 of 1st period - Stopped by Matt Murray with a rebound.
5:18 of 1st period - Wrist shot by Ivan Barbashev.
5:18 of 1st period - Shot Misses the Net.
5:27 of 1st period - Off-side.
5:28 of 1st period - Evgeni Malkin wins face-off versus Patrik Berglund in neutral zone.
5:55 of 1st period - Filip Forsberg is hit by Sebastian Aho and loses puck.
6:02 of 1st period - Snap shot by Ryan O'Reilly.
6:02 of 1st period - Stopped by Matt Murray without a rebound.
6:03 of 1st period - Elias Lindholm wins face-off versus Kyle Turris in Flyers zone.
6:14 of 1st period - Slapshot by Calle Jarnkrok.
6:14 of 1st period - Shot Blocked by John-Michael Liles.
6:30 of 1st period - Tom Gilbert is hit by Leon Draisaitl and loses puck.
6:57 of 1st period - Slapshot by Filip Forsberg.
6:57 of 1st period - Shot Hit the Post.
6:59 of 1st period - Wrist shot by Charlie Coyle.
6:59 of 1st period - Stopped by Roberto Luongo without a rebound.
7:00 of 1st period - Kyle Turris wins face-off versus Elias Lindholm in Nordiques zone.
7:33 of 1st period - P.K. Subban is hit by Jamie Benn and loses puck.
8:41 of 1st period - Wrist shot by Elias Lindholm.
8:41 of 1st period - Stopped by Roberto Luongo with a rebound.
8:53 of 1st period - Snap shot by Jamie Benn.
8:53 of 1st period - Shot Misses the Net.
8:55 of 1st period - Snap shot by Ryan O'Reilly.
8:55 of 1st period - Stopped by Matt Murray without a rebound.
8:56 of 1st period - Ryan O'Reilly wins face-off versus Evgeni Malkin in Flyers zone.
9:05 of 1st period - Wrist shot by Sebastian Aho.
9:05 of 1st period - Shot Misses the Net.
9:23 of 1st period - Filip Forsberg is hit by Connor Brown and loses puck.
10:55 of 1st period - Snap shot by Vincent Trocheck.
10:55 of 1st period - Stopped by Roberto Luongo without a rebound.
10:56 of 1st period - Kyle Turris wins face-off versus Evgeni Malkin in Nordiques zone.
11:27 of 1st period - Wrist shot by Filip Forsberg.
11:27 of 1st period - Shot Blocked by John-Michael Liles.
11:31 of 1st period - Wrist shot by Vincent Trocheck.
11:31 of 1st period - Shot Misses the Net.
11:33 of 1st period - Slapshot by Darnell Nurse.
11:33 of 1st period - Stopped by Roberto Luongo without a rebound.
11:34 of 1st period - Elias Lindholm wins face-off versus Patrik Berglund in Nordiques zone.
11:38 of 1st period - Minor Penalty to Shayne Gostisbehere for Roughing.
11:39 of 1st period - Evgeni Malkin wins face-off versus Patrik Berglund in Nordiques zone.
12:12 of 1st period - Snap shot by Filip Forsberg.
12:12 of 1st period - Goal by Filip Forsberg - Flyers : 1 - Nordiques : 0.
12:13 of 1st period - Patrik Berglund wins face-off versus Elias Lindholm in neutral zone.
12:45 of 1st period - Snap shot by Ryan O'Reilly.
12:45 of 1st period - Shot Misses the Net.
12:47 of 1st period - Snap shot by Jamie Benn.
12:47 of 1st period - Deflect By Ryan O'Reilly.
12:47 of 1st period - Shot Misses the Net.
12:47 of 1st period - Puck is out of play.
12:48 of 1st period - Kyle Turris wins face-off versus Vincent Trocheck in Flyers zone.
13:27 of 1st period - Snap shot by Evgeni Malkin.
13:27 of 1st period - Stopped by Roberto Luongo with a rebound.
13:29 of 1st period - Slapshot by Justin Faulk.
13:29 of 1st period - Stopped by Roberto Luongo with a rebound.
13:31 of 1st period - Snap shot by Patrick Kane.
13:31 of 1st period - Shot Misses the Net.
14:00 of 1st period - Icing by Jaromir Jagr.
14:01 of 1st period - Ryan O'Reilly wins face-off versus Calle Jarnkrok in Nordiques zone.
15:39 of 1st period - Slapshot by Patrik Berglund.
15:39 of 1st period - Stopped by Matt Murray without a rebound.
15:40 of 1st period - Kyle Turris wins face-off versus Vincent Trocheck in Flyers zone.
15:49 of 1st period - Slapshot by Evander Kane.
15:49 of 1st period - Stopped by Matt Murray with a rebound.
15:56 of 1st period - Off-side.
15:57 of 1st period - Ryan O'Reilly wins face-off versus Evgeni Malkin in neutral zone.
16:50 of 1st period - Calle Jarnkrok is hit by Kevin Klein and loses puck.
17:18 of 1st period - Snap shot by Alexander Wennberg.
17:18 of 1st period - Shot Blocked by Brandon Montour.
17:38 of 1st period - Snap shot by Luke Glendening.
17:38 of 1st period - Stopped by Matt Murray with a rebound.
17:40 of 1st period - Snap shot by Luke Glendening.
17:40 of 1st period - Deflect By Evgeni Malkin.
17:40 of 1st period - Shot Blocked by Darnell Nurse.
17:40 of 1st period - Puck is out of play.
17:41 of 1st period - Elias Lindholm wins face-off versus Patrik Berglund in Flyers zone.
18:09 of 1st period - Wrist shot by Kyle Turris.
18:09 of 1st period - Shot Blocked by P.K. Subban.
18:11 of 1st period - Wrist shot by Morgan Rielly.
18:11 of 1st period - Deflect By Kyle Turris.
18:11 of 1st period - Shot Misses the Net.
18:11 of 1st period - Puck is out of play.
18:12 of 1st period - Evgeni Malkin wins face-off versus Kyle Turris in Flyers zone.
18:27 of 1st period - Wrist shot by Patrick Kane.
18:27 of 1st period - Stopped by Roberto Luongo without a rebound.
18:28 of 1st period - Vincent Trocheck wins face-off versus Ryan O'Reilly in Nordiques zone.
18:29 of 1st period - Wrist shot by Filip Forsberg.
18:29 of 1st period - Shot Blocked by Jared Spurgeon.
18:31 of 1st period - Slapshot by Michael Matheson.
18:31 of 1st period - Stopped by Roberto Luongo without a rebound.
18:32 of 1st period - Ryan O'Reilly wins face-off versus Vincent Trocheck in Nordiques zone.
18:58 of 1st period - Michael Matheson is hit by Alexander Wennberg and loses puck.
19:11 of 1st period - Snap shot by Evander Kane.
19:11 of 1st period - Stopped by Matt Murray with a rebound.
19:45 of 1st period - Snap shot by Alexander Wennberg.
19:45 of 1st period - Shot Misses the Net.
Goals for this period are 1 for Flyers vs 0 for Nordiques.
Shots for this period are 12 for Flyers vs 8 for Nordiques.

2nd period


0:01 of 2nd period - Evgeni Malkin wins face-off versus Patrik Berglund in neutral zone.
0:06 of 2nd period - Wrist shot by Patrick Kane.
0:06 of 2nd period - Shot Misses the Net.
0:52 of 2nd period - Snap shot by Calle Jarnkrok.
0:52 of 2nd period - Deflect By Casey Cizikas.
0:52 of 2nd period - Stopped by Roberto Luongo with a rebound.
0:58 of 2nd period - Wrist shot by Evander Kane.
0:58 of 2nd period - Stopped by Matt Murray with a rebound.
1:00 of 2nd period - Wrist shot by Kyle Turris.
1:00 of 2nd period - Shot Misses the Net.
1:02 of 2nd period - Wrist shot by Alexander Wennberg.
1:02 of 2nd period - Shot Misses the Net.
1:04 of 2nd period - Wrist shot by Evander Kane.
1:04 of 2nd period - Stopped by Matt Murray with a rebound.
1:22 of 2nd period - Wrist shot by John-Michael Liles.
1:22 of 2nd period - Shot Blocked by Darnell Nurse.
1:36 of 2nd period - Snap shot by Brendan Perlini.
1:36 of 2nd period - Stopped by Roberto Luongo with a rebound.
1:42 of 2nd period - Snap shot by Jaromir Jagr.
1:42 of 2nd period - Stopped by Matt Murray without a rebound.
1:43 of 2nd period - Evgeni Malkin wins face-off versus Ryan O'Reilly in Flyers zone.
1:58 of 2nd period - Wrist shot by Sebastian Aho.
1:58 of 2nd period - Shot Misses the Net.
2:00 of 2nd period - Slapshot by Jared Spurgeon.
2:00 of 2nd period - Stopped by Matt Murray without a rebound.
2:01 of 2nd period - Patrik Berglund wins face-off versus Elias Lindholm in Flyers zone.
2:36 of 2nd period - Slapshot by Brandon Carlo.
2:36 of 2nd period - Stopped by Roberto Luongo with a rebound.
2:50 of 2nd period - Alexander Wennberg is hit by Brandon Carlo and loses puck.
2:57 of 2nd period - Alexander Wennberg is hit by Brandon Carlo.
3:17 of 2nd period - Brendan Perlini is hit by Derek MacKenzie and loses puck.
3:27 of 2nd period - Icing by Derek MacKenzie.
3:28 of 2nd period - Elias Lindholm wins face-off versus Luke Glendening in Nordiques zone.
3:37 of 2nd period - Snap shot by Elias Lindholm.
3:37 of 2nd period - Shot Misses the Net.
3:41 of 2nd period - Wrist shot by Elias Lindholm.
3:41 of 2nd period - Stopped by Roberto Luongo with a rebound.
4:01 of 2nd period - Snap shot by Evgeni Malkin.
4:01 of 2nd period - Shot Blocked by Jaromir Jagr.
4:49 of 2nd period - Snap shot by Sebastian Aho.
4:49 of 2nd period - Stopped by Matt Murray with a rebound.
4:51 of 2nd period - Slapshot by Kevin Klein.
4:51 of 2nd period - Shot Misses the Net.
5:56 of 2nd period - Alexander Wennberg is hit by Calle Jarnkrok and loses puck.
6:19 of 2nd period - Snap shot by Jamie Benn.
6:19 of 2nd period - Shot Misses the Net.
6:33 of 2nd period - Brendan Perlini is hit by Connor Brown and loses puck.
7:09 of 2nd period - Michael Matheson is hit by Jakub Vrana and loses puck.
7:20 of 2nd period - Patrick Kane is hit by Evander Kane and loses puck.
7:26 of 2nd period - Off-side.
7:27 of 2nd period - Kyle Turris wins face-off versus Elias Lindholm in neutral zone.
7:38 of 2nd period - Snap shot by Morgan Rielly.
7:38 of 2nd period - Shot Blocked by Brandon Carlo.
7:40 of 2nd period - Snap shot by Alexander Wennberg.
7:40 of 2nd period - Shot Misses the Net.
7:42 of 2nd period - Slapshot by Jared Spurgeon.
7:42 of 2nd period - Stopped by Matt Murray with a rebound.
7:44 of 2nd period - Snap shot by Kyle Turris.
7:44 of 2nd period - Stopped by Matt Murray with a rebound.
7:46 of 2nd period - Snap shot by Alexander Wennberg.
7:46 of 2nd period - Stopped by Matt Murray with a rebound.
7:48 of 2nd period - Snap shot by Alexander Wennberg.
7:48 of 2nd period - Shot Blocked by Casey Cizikas.
7:50 of 2nd period - Slapshot by Jared Spurgeon.
7:50 of 2nd period - Deflect By Alexander Wennberg.
7:50 of 2nd period - Goal by Alexander Wennberg - Flyers : 1 - Nordiques : 1.
7:51 of 2nd period - Ryan O'Reilly wins face-off versus Evgeni Malkin in neutral zone.
8:19 of 2nd period - Icing by Connor Brown.
8:20 of 2nd period - Elias Lindholm wins face-off versus Patrik Berglund in Nordiques zone.
8:27 of 2nd period - Slapshot by Elias Lindholm.
8:27 of 2nd period - Stopped by Roberto Luongo without a rebound.
8:28 of 2nd period - Ryan O'Reilly wins face-off versus Vincent Trocheck in Nordiques zone.
8:45 of 2nd period - Snap shot by Jamie Benn.
8:45 of 2nd period - Shot Misses the Net.
8:52 of 2nd period - Icing by Brandon Carlo.
8:53 of 2nd period - Vincent Trocheck wins face-off versus Patrik Berglund in Flyers zone.
8:58 of 2nd period - Connor Brown is hit by Justin Faulk and loses puck.
9:19 of 2nd period - Leon Draisaitl is hit by Kevin Klein and loses puck.
9:33 of 2nd period - Icing by Brandon Carlo.
9:34 of 2nd period - Ryan O'Reilly wins face-off versus Evgeni Malkin in Flyers zone.
9:37 of 2nd period - Snap shot by Jamie Benn.
9:37 of 2nd period - Shot Misses the Net.
9:39 of 2nd period - Snap shot by Sebastian Aho.
9:39 of 2nd period - Stopped by Matt Murray without a rebound.
9:40 of 2nd period - Ryan O'Reilly wins face-off versus Casey Cizikas in Flyers zone.
9:41 of 2nd period - Wrist shot by Jamie Benn.
9:41 of 2nd period - Deflect By Sebastian Aho.
9:41 of 2nd period - Stopped by Matt Murray with a rebound.
9:43 of 2nd period - Slapshot by Morgan Rielly.
9:43 of 2nd period - Stopped by Matt Murray without a rebound.
9:44 of 2nd period - Ryan O'Reilly wins face-off versus Elias Lindholm in Flyers zone.
10:05 of 2nd period - Snap shot by Ryan O'Reilly.
10:05 of 2nd period - Shot Misses the Net.
10:07 of 2nd period - Slapshot by Morgan Rielly.
10:07 of 2nd period - Shot Blocked by P.K. Subban.
10:09 of 2nd period - Wrist shot by Jamie Benn.
10:09 of 2nd period - Shot Misses the Net.
10:11 of 2nd period - Wrist shot by Jamie Benn.
10:11 of 2nd period - Stopped by Matt Murray without a rebound.
10:12 of 2nd period - Vincent Trocheck wins face-off versus Patrik Berglund in Flyers zone.
10:12 of 2nd period - Vincent Trocheck is hit by Kevin Klein.
10:22 of 2nd period - Snap shot by Patrik Berglund.
10:22 of 2nd period - Deflect By Jaromir Jagr.
10:22 of 2nd period - Shot Blocked by Charlie Coyle.
10:22 of 2nd period - Puck is out of play.
10:23 of 2nd period - Patrik Berglund wins face-off versus Vincent Trocheck in Flyers zone.
10:24 of 2nd period - Slapshot by Connor Brown.
10:24 of 2nd period - Deflect By Patrik Berglund.
10:24 of 2nd period - Stopped by Matt Murray without a rebound.
10:25 of 2nd period - Vincent Trocheck wins face-off versus Patrik Berglund in Flyers zone.
11:20 of 2nd period - Slapshot by Calle Jarnkrok.
11:20 of 2nd period - Shot Misses the Net.
11:26 of 2nd period - Casey Cizikas is hit by Kevin Klein and loses puck.
11:39 of 2nd period - Slapshot by Shayne Gostisbehere.
11:39 of 2nd period - Stopped by Matt Murray with a rebound.
13:08 of 2nd period - Luke Glendening is hit by Elias Lindholm and loses puck.
14:11 of 2nd period - Wrist shot by Brendan Perlini.
14:11 of 2nd period - Shot Blocked by Kevin Klein.
14:25 of 2nd period - Slapshot by Shayne Gostisbehere.
14:25 of 2nd period - Stopped by Matt Murray with a rebound.
14:43 of 2nd period - Snap shot by Vincent Trocheck.
14:43 of 2nd period - Stopped by Roberto Luongo without a rebound.
14:44 of 2nd period - Evgeni Malkin wins face-off versus Patrik Berglund in Nordiques zone.
15:07 of 2nd period - Minor Penalty to Jaromir Jagr for Diving.
15:08 of 2nd period - Luke Glendening wins face-off versus Leon Draisaitl in Nordiques zone.
15:35 of 2nd period - Wrist shot by Filip Forsberg.
15:35 of 2nd period - Stopped by Roberto Luongo without a rebound.
15:36 of 2nd period - Luke Glendening wins face-off versus Vincent Trocheck in Nordiques zone.
16:03 of 2nd period - Evgeni Malkin is hit by Connor Brown and loses puck.
16:10 of 2nd period - Slapshot by Brandon Carlo.
16:10 of 2nd period - Shot Blocked by Patrik Berglund.
16:12 of 2nd period - Slapshot by Michael Matheson.
16:12 of 2nd period - Shot Blocked by Connor Brown.
16:14 of 2nd period - Slapshot by Michael Matheson.
16:14 of 2nd period - Deflect By Morgan Rielly.
16:14 of 2nd period - Stopped by Roberto Luongo without a rebound.
16:15 of 2nd period - Luke Glendening wins face-off versus Vincent Trocheck in Nordiques zone.
16:26 of 2nd period - Slapshot by Filip Forsberg.
16:26 of 2nd period - Stopped by Roberto Luongo with a rebound.
17:07 of 2nd period - Penalty to Jaromir Jagr is over, Jaromir Jagr is back on ice.
17:57 of 2nd period - Michael Matheson is hit by Connor Brown and loses puck.
19:02 of 2nd period - Wrist shot by Kyle Turris.
19:02 of 2nd period - Stopped by Matt Murray without a rebound.
19:03 of 2nd period - Evander Kane wins face-off versus Vincent Trocheck in Flyers zone.
19:08 of 2nd period - Wrist shot by Evander Kane.
19:08 of 2nd period - Stopped by Matt Murray with a rebound.
19:20 of 2nd period - Wrist shot by Alexander Wennberg.
19:20 of 2nd period - Shot Misses the Net.
19:22 of 2nd period - Slapshot by John-Michael Liles.
19:22 of 2nd period - Shot Blocked by Justin Faulk.
19:36 of 2nd period - Snap shot by Kyle Turris.
19:36 of 2nd period - Shot Blocked by Charlie Coyle.
19:38 of 2nd period - Wrist shot by Alexander Wennberg.
19:38 of 2nd period - Stopped by Matt Murray with a rebound.
19:40 of 2nd period - Slapshot by Kevin Klein.
19:40 of 2nd period - Stopped by Matt Murray without a rebound.
19:41 of 2nd period - Patrik Berglund wins face-off versus Evgeni Malkin in Flyers zone.
Goals for this period are 0 for Flyers vs 1 for Nordiques.
Shots for this period are 9 for Flyers vs 20 for Nordiques.

3rd period


0:01 of 3rd period - Evgeni Malkin wins face-off versus Ryan O'Reilly in neutral zone.
0:26 of 3rd period - John-Michael Liles is hit by Vincent Trocheck and loses puck.
0:55 of 3rd period - Snap shot by Calle Jarnkrok.
0:55 of 3rd period - Deflect By Casey Cizikas.
0:55 of 3rd period - Shot Blocked by Kevin Klein.
0:55 of 3rd period - Puck is out of play.
0:56 of 3rd period - Evgeni Malkin wins face-off versus Ryan O'Reilly in Nordiques zone.
0:59 of 3rd period - Wrist shot by Evgeni Malkin.
0:59 of 3rd period - Shot Misses the Net.
1:01 of 3rd period - Snap shot by Patrick Kane.
1:01 of 3rd period - Shot Misses the Net.
1:35 of 3rd period - Slapshot by Jared Spurgeon.
1:35 of 3rd period - Shot Misses the Net.
1:37 of 3rd period - Snap shot by Sebastian Aho.
1:37 of 3rd period - Shot Misses the Net.
2:10 of 3rd period - Snap shot by Ryan O'Reilly.
2:10 of 3rd period - Deflect By P.K. Subban.
2:10 of 3rd period - Shot Misses the Net.
2:10 of 3rd period - Puck is out of play.
2:11 of 3rd period - Patrik Berglund wins face-off versus Vincent Trocheck in Flyers zone.
2:38 of 3rd period - Brandon Montour is hit by Kevin Klein and loses puck.
2:46 of 3rd period - Icing by Leon Draisaitl.
2:47 of 3rd period - Leon Draisaitl wins face-off versus Kyle Turris in Flyers zone.
2:47 of 3rd period - Leon Draisaitl is hit by Tom Gilbert.
3:15 of 3rd period - Slapshot by Patrick Kane.
3:15 of 3rd period - Deflect By Patrik Berglund.
3:15 of 3rd period - Shot Blocked by Tom Gilbert.
3:15 of 3rd period - Puck is out of play.
3:16 of 3rd period - Patrik Berglund wins face-off versus Vincent Trocheck in Nordiques zone.
3:23 of 3rd period - Slapshot by Filip Forsberg.
3:23 of 3rd period - Shot Misses the Net.
3:43 of 3rd period - Brandon Carlo is hit by Evander Kane and loses puck.
3:48 of 3rd period - Slapshot by Alexander Wennberg.
3:48 of 3rd period - Deflect By Kyle Turris.
3:48 of 3rd period - Stopped by Matt Murray without a rebound.
3:49 of 3rd period - Ryan O'Reilly wins face-off versus Patrick Kane in Flyers zone.
3:58 of 3rd period - Snap shot by Ryan O'Reilly.
3:58 of 3rd period - Shot Misses the Net.
4:00 of 3rd period - Slapshot by Sebastian Aho.
4:00 of 3rd period - Shot Blocked by Leon Draisaitl.
4:02 of 3rd period - Slapshot by Jared Spurgeon.
4:02 of 3rd period - Stopped by Matt Murray without a rebound.
4:03 of 3rd period - Patrik Berglund wins face-off versus Vincent Trocheck in Flyers zone.
4:56 of 3rd period - Icing by Casey Cizikas.
4:57 of 3rd period - Patrik Berglund wins face-off versus Elias Lindholm in Flyers zone.
5:02 of 3rd period - Snap shot by Jaromir Jagr.
5:02 of 3rd period - Shot Misses the Net.
5:04 of 3rd period - Snap shot by Patrik Berglund.
5:04 of 3rd period - Stopped by Matt Murray without a rebound.
5:05 of 3rd period - Vincent Trocheck wins face-off versus Patrik Berglund in Flyers zone.
5:36 of 3rd period - Patrick Kane is hit by Kevin Klein and loses puck.
5:43 of 3rd period - Evgeni Malkin is hit by Patrik Berglund and loses puck.
6:15 of 3rd period - Slapshot by Leon Draisaitl.
6:15 of 3rd period - Shot Misses the Net.
6:17 of 3rd period - Slapshot by Brandon Montour.
6:17 of 3rd period - Stopped by Roberto Luongo without a rebound.
6:18 of 3rd period - Ryan O'Reilly wins face-off versus Vincent Trocheck in Nordiques zone.
6:29 of 3rd period - Wrist shot by Vincent Trocheck.
6:29 of 3rd period - Shot Misses the Net.
6:31 of 3rd period - Slapshot by Vincent Trocheck.
6:31 of 3rd period - Stopped by Roberto Luongo with a rebound.
7:14 of 3rd period - Snap shot by Jared Spurgeon.
7:14 of 3rd period - Stopped by Matt Murray with a rebound.
7:16 of 3rd period - Snap shot by Luke Glendening.
7:16 of 3rd period - Shot Misses the Net.
7:37 of 3rd period - Off-side.
7:38 of 3rd period - Kyle Turris wins face-off versus Elias Lindholm in neutral zone.
7:45 of 3rd period - Elias Lindholm is hit by Kevin Klein and loses puck.
8:11 of 3rd period - Off-side.
8:12 of 3rd period - Evgeni Malkin wins face-off versus Sebastian Aho in neutral zone.
8:15 of 3rd period - Morgan Rielly is hit by Darnell Nurse and loses puck.
8:22 of 3rd period - Snap shot by Patrick Kane.
8:22 of 3rd period - Stopped by Roberto Luongo with a rebound.
8:24 of 3rd period - Wrist shot by Patrick Kane.
8:24 of 3rd period - Stopped by Roberto Luongo with a rebound.
8:26 of 3rd period - Slapshot by Evgeni Malkin.
8:26 of 3rd period - Stopped by Roberto Luongo without a rebound.
8:27 of 3rd period - Kyle Turris wins face-off versus Vincent Trocheck in Nordiques zone.
8:54 of 3rd period - Justin Faulk is hit by Jamie Benn and loses puck.
9:05 of 3rd period - Wrist shot by Patrick Kane.
9:05 of 3rd period - Shot Misses the Net.
9:07 of 3rd period - Snap shot by Patrick Kane.
9:07 of 3rd period - Goal by Patrick Kane - Flyers : 2 - Nordiques : 1.
9:08 of 3rd period - Elias Lindholm wins face-off versus Patrik Berglund in neutral zone.
9:15 of 3rd period - Snap shot by Elias Lindholm.
9:15 of 3rd period - Shot Misses the Net.
9:33 of 3rd period - Evander Kane is hit by Michael Matheson and loses puck.
9:51 of 3rd period - Icing by P.K. Subban.
9:52 of 3rd period - Vincent Trocheck wins face-off versus Ryan O'Reilly in Flyers zone.
10:09 of 3rd period - Snap shot by Evgeni Malkin.
10:09 of 3rd period - Stopped by Roberto Luongo without a rebound.
10:10 of 3rd period - Patrik Berglund wins face-off versus Elias Lindholm in Nordiques zone.
10:35 of 3rd period - Calle Jarnkrok is hit by Kevin Klein and loses puck.
11:17 of 3rd period - Off-side.
11:18 of 3rd period - Jakub Vrana wins face-off versus Vincent Trocheck in neutral zone.
11:21 of 3rd period - Snap shot by Derek MacKenzie.
11:21 of 3rd period - Shot Misses the Net.
11:23 of 3rd period - Slapshot by Shayne Gostisbehere.
11:23 of 3rd period - Stopped by Matt Murray with a rebound.
11:56 of 3rd period - Off-side.
11:57 of 3rd period - Vincent Trocheck wins face-off versus Evander Kane in neutral zone.
12:02 of 3rd period - Slapshot by Vincent Trocheck.
12:02 of 3rd period - Stopped by Roberto Luongo with a rebound.
12:25 of 3rd period - Icing by Vincent Trocheck.
12:26 of 3rd period - Vincent Trocheck wins face-off versus Patrik Berglund in Flyers zone.
12:26 of 3rd period - Vincent Trocheck is hit by Connor Brown.
12:40 of 3rd period - Snap shot by Jaromir Jagr.
12:40 of 3rd period - Stopped by Matt Murray with a rebound.
12:42 of 3rd period - Snap shot by Patrik Berglund.
12:42 of 3rd period - Deflect By Jaromir Jagr.
12:42 of 3rd period - Deflect By Leon Draisaitl.
12:42 of 3rd period - Stopped by Matt Murray without a rebound.
12:43 of 3rd period - Ryan O'Reilly wins face-off versus Elias Lindholm in Flyers zone.
13:17 of 3rd period - Snap shot by Jaromir Jagr.
13:17 of 3rd period - Stopped by Matt Murray without a rebound.
13:18 of 3rd period - Vincent Trocheck wins face-off versus Patrik Berglund in Flyers zone.
13:25 of 3rd period - Slapshot by Filip Forsberg.
13:25 of 3rd period - Stopped by Roberto Luongo without a rebound.
13:26 of 3rd period - Kyle Turris wins face-off versus Evgeni Malkin in Nordiques zone.
13:26 of 3rd period - Kyle Turris is hit by Patrick Kane.
13:38 of 3rd period - Snap shot by Alexander Wennberg.
13:38 of 3rd period - Shot Blocked by Justin Faulk.
13:52 of 3rd period - Icing by Shayne Gostisbehere.
13:53 of 3rd period - Elias Lindholm wins face-off versus Ryan O'Reilly in Nordiques zone.
14:02 of 3rd period - Wrist shot by Calle Jarnkrok.
14:02 of 3rd period - Stopped by Roberto Luongo with a rebound.
14:06 of 3rd period - Snap shot by Calle Jarnkrok.
14:06 of 3rd period - Shot Blocked by Kevin Klein.
14:08 of 3rd period - Snap shot by Darnell Nurse.
14:08 of 3rd period - Stopped by Roberto Luongo with a rebound.
14:24 of 3rd period - Off-side.
14:25 of 3rd period - Patrik Berglund wins face-off versus Evgeni Malkin in neutral zone.
14:52 of 3rd period - Snap shot by Patrik Berglund.
14:52 of 3rd period - Stopped by Matt Murray without a rebound.
14:53 of 3rd period - Kyle Turris wins face-off versus Vincent Trocheck in Flyers zone.
15:04 of 3rd period - Filip Forsberg is hit by Tom Gilbert and loses puck.
15:19 of 3rd period - John-Michael Liles is hit by Elias Lindholm and loses puck.
15:40 of 3rd period - Snap shot by Patrik Berglund.
15:40 of 3rd period - Stopped by Matt Murray with a rebound.
15:42 of 3rd period - Slapshot by Morgan Rielly.
15:42 of 3rd period - Stopped by Matt Murray without a rebound.
15:43 of 3rd period - Patrik Berglund wins face-off versus Evgeni Malkin in Flyers zone.
18:01 of 3rd period - Jamie Benn is hit by Casey Cizikas and loses puck.
18:16 of 3rd period - Nordiques, Roberto Luongo is pulled from the net.
18:16 of 3rd period - Snap shot by Jakub Vrana.
18:16 of 3rd period - Stopped by Matt Murray without a rebound.
18:17 of 3rd period - Patrick Kane wins face-off versus Luke Glendening in Flyers zone.
18:30 of 3rd period - Snap shot by Evgeni Malkin.
18:30 of 3rd period - Goal by Evgeni Malkin - Flyers : 3 - Nordiques : 1.
18:30 of 3rd period - Roberto Luongo from Nordiques was sent back in the game.
18:31 of 3rd period - Elias Lindholm wins face-off versus Patrik Berglund in neutral zone.
18:34 of 3rd period - Tom Gilbert is hit by Calle Jarnkrok and loses puck.
18:47 of 3rd period - Snap shot by Casey Cizikas.
18:47 of 3rd period - Shot Misses the Net.
19:38 of 3rd period - Slapshot by Evander Kane.
19:38 of 3rd period - Stopped by Matt Murray without a rebound.
19:39 of 3rd period - Ryan O'Reilly wins face-off versus Evgeni Malkin in Flyers zone.
19:56 of 3rd period - Morgan Rielly is hit by Darnell Nurse and loses puck.
Goals for this period are 2 for Flyers vs 0 for Nordiques.
Shots for this period are 12 for Flyers vs 13 for Nordiques.